 Dungeon Crawl Stone Soup version 0.32-a0-931-g5a2cda0630 (webtiles) character file.

Game seed: 7238976177826029138

58965 ongoing the Basher (level 14, -2/140 (143) HPs)
             Began as an Oni Warper on Apr 13, 2024.
             Was an Initiate of Gozag.
             Killed from afar by a kobold blastminer (28 damage)
             ... with an iron shot
             ... on level 1 of the Orcish Mines.
             The game lasted 01:16:11 (25104 turns).

ongoing the Basher (Oni Warper)                    Turns: 25104, Time: 01:16:11

HP:   -2/140 (143)  AC: 19    Str: 20    XL:     14   Next: 92%
MP:   0/23          EV:  9    Int: 16    God:    Gozag
Gold: 1554          SH:  9    Dex:  8    Spells: 11/25 levels left

rFire   + . .        U - +7 morningstar "Owno" {pain, +Blink rN+}
rCold   . . .        b - +0 kite shield
rNeg    + + .        o - +1 storm dragon scales of Liberty {rElec rF+ rC- rN+ Regen+}
rPois   .            I - +2 hat
rElec   +            P - +0 cloak
rCorr   +            (gloves unavailable)
SInv    .            (boots unavailable)
Will    +....        L - amulet of guardian spirit Stlth
                     y - ring "Winu" {rCorr EV+5}
HPRegen 1.23/turn    A - ring of protection from cold
MPRegen 0.18/turn

%: guardian spirit
@: very slightly contaminated, lightly drained
A: large, unfitting armour, horns 1, tough skin 1, double potion healing,
drunken brawling
a: Renounce Religion, Evoke Blink, Potion Petition, Call Merchant, Bribe Branch


You were on level 1 of the Orcish Mines.
You worshipped Gozag.
Gozag was most pleased with you.
You visited 3 branches of the dungeon, and saw 17 of its levels.
You also visited: Sewer and Gauntlet.

You collected 5548 gold pieces.
You spent 3968 gold pieces at shops.
You paid 26 gold pieces to Gozag.

Inventory:

Hand Weapons
 U - the +7 morningstar "Owno" (weapon) {pain, +Blink rN+}
   (You bought it in a shop on level 10 of the Dungeon)

   rN+:       It protects you from negative energy.
   +Blink:    It lets you blink.
Missiles
 d - 7 darts of dispersal
 g - 10 boomerangs
 C - 25 poisoned darts (quivered)
 K - a throwing net
 W - 7 silver javelins
Armour
 b - a +0 kite shield (worn)
 m - +0 shadow dragon scales
 o - the +1 storm dragon scales of Liberty (worn) {rElec rF+ rC- rN+ Regen+}
   (You bought it in a shop on level 4 of the Dungeon)

   rF+:       It protects you from fire.
   rC-:       It makes you vulnerable to cold.
   rElec:     It insulates you from electricity.
   rN+:       It protects you from negative energy.
   Regen+:    It increases your rate of health regeneration.
 I - a +2 hat (worn)
 P - a +0 cloak (worn)
Jewellery
 f - a +6 ring of strength
 y - the ring "Winu" (left hand) {rCorr EV+5}
   (You bought it in a shop on level 10 of the Dungeon)

   [ring of evasion]

   EV+5:      It affects your evasion (+5).
   rCorr:     It protects you from acid and corrosion.
 A - a ring of protection from cold (right hand)
 F - a ring of fire
 L - an amulet of guardian spirit (around neck)
 O - a ring of wizardry
Wands
 c - a wand of iceblast (17)
 p - a wand of digging (12)
 Q - a wand of flame (15)
 S - a wand of acid (19)
Scrolls
 j - 2 scrolls of enchant armour
 n - 5 scrolls of immolation
 q - 7 scrolls of fog
 t - 8 scrolls of teleportation
 u - 4 scrolls of poison
 z - 2 scrolls of butterflies
 B - 7 scrolls of blinking
 G - 6 scrolls of fear
 J - a scroll of amnesia
 M - a scroll of acquirement {unknown}
 R - 2 scrolls of enchant weapon
 T - 4 scrolls of revelation
Potions
 a - 2 potions of heal wounds {unknown}
 e - 5 potions of curing
 h - a potion of enlightenment {unknown}
 l - 4 potions of attraction
 r - 5 potions of lignification
 v - 2 potions of haste {unknown}
 w - a potion of might {unknown}
 x - 3 potions of brilliance
 D - 6 potions of mutation
 E - 2 potions of magic {unknown}
 H - 3 potions of berserk rage {unknown}
 V - a potion of resistance {unknown}
Miscellaneous
 X - a lightning rod (4/4)
 Y - a tin of tremorstones (2/2)
 Z - a box of beasts


   Skills:
 - Level 10.0 Fighting
 - Level 14.1 Maces & Flails
 - Level 1.0 Throwing
 - Level 10.0 Armour
 - Level 2.1 Dodging
 - Level 8.0 Shields
 - Level 6.0 Spellcasting
 + Level 10.3 Translocations
 + Level 9.4 Air Magic


You had 11 spell levels left.
You knew the following spells:

 Your Spells              Type           Power      Damage    Failure   Level
a - Blink                 Tloc           76%        N/A       4%          2
b - Lesser Beckoning      Tloc           76%        N/A       4%          2
c - Teleport Other        Tloc           38%        N/A       9%          3
d - Vhi's Electric Charg  Tloc/Air       72%        N/A       34%         4
e - Maxwell's Portable P  Tloc           38%        2d(9-25)  9%          3

Your spell library contained the following spells:

 Spells                   Type           Power      Damage    Failure   Level
 Apportation              Tloc           76%        N/A       3%          1
 Passage of Golubria      Tloc           38%        N/A       28%         4
 Airstrike                Air            17%        2d(3-19)  38%         4
 Mercury Vapours          Alch/Air       38%        N/A       41%         2
 Volatile Blastmotes      Fire/Tloc      42%        2d13      58%         3
 Freeze                   Ice            16%        1d4       90%         1
 Kiss of Death            Conj/Necr      16%        2d6       90%         1
 Necrotise                Necr           16%        1d4       90%         1
 Sting                    Conj/Alch      16%        1d4       90%         1
 Summon Small Mammal      Summ           16%        N/A       90%         1
 Iskenderun's Mystic Bla Conj/Tloc 21%            2d6        (+2d3     94%         4
 Summon Lightning Spire   Summ/Air       19%        N/A       96%         4
 Confusing Touch          Hex            4%         N/A       99%         3
 Dazzling Flash           Conj/Hex       8%         N/A       99%         3
 Frozen Ramparts          Ice            8%         1d2       99%         3
 Hailstorm                Conj/Ice       4%         3d5       99%         3
 Inner Flame              Hex/Fire       4%         N/A       99%         3
 Summon Ice Beast         Ice/Summ       4%         N/A       99%         3
 Dispel Undead            Necr           4%         3d7       100%        4
 Flame Wave               Conj/Fire      4%         2d5       100%        4
 Fulminant Prism          Conj/Alch      2%         3d5       100%        4
 Olgreb's Toxic Radiance  Alch           4%         N/A       100%        4
 Sticky Flame             Fire/Alch      4%         2d4       100%        4
 Alistair's Intoxication  Alch           2%         N/A       100%        5
 Arcjolt                  Conj/Air       9%         1d19      100%        5
 Borgnjor's Vile Clutch   Necr/Erth      2%         N/A       100%        5
 Freezing Cloud           Conj/Ice/Air   7%         6-21      100%        5
 Silence                  Hex/Air        9%         N/A       100%        5
 Summon Mana Viper        Hex/Summ       4%         N/A       100%        5
 Death Channel            Necr           2%         N/A       100%        6
 Eringya's Noxious Bog    Alch           2%         4d6       100%        6
 Plasma Beam              Fire/Air       9%         2x1d20    100%        6
 Starburst                Conj/Fire      2%         6d3       100%        6
 Monstrous Menagerie      Summ           2%         N/A       100%        7
 Lehudib's Crystal Spear  Conj/Erth      2%         10d2      100%        8
 Maxwell's Capacitive Co  Air            17%        ∞         100%        8
 Animate Dead             Necr           Unusable   N/A       N/A         4

Dungeon Overview and Level Annotations

Branches:
Dungeon (11/15)            Temple (0/1) D:6            Lair (5/5) D:9
 Shoals (0/4) Lair:2       Spider (0/4) Lair:2        Slime (0/5) Lair:5
    Orc (1/2) D:9           Sewer (visited)         Gauntlet (visited)

Altars:
Ashenzari
Cheibriados
Dithmenos
Elyvilon
Fedhas
Gozag
Kikubaaqudgha
Nemelex Xobeh
Ru
Sif Muna
Trog
Uskayaw
Vehumet
Xom

Shops:
D:2 =   D:4 [   D:5 ?   D:10 [=([*   D:11 (   Orc:1 *

Annotations:
D:4 3 runed translucent doors, ouz's ghost, amateur FoFi; pedritolo's ghost, weakling CoDe
D:5 1 transporter, grizmgrazm2's ghost, amateur DsSh
Lair:1 3 runed translucent doors, paps's ghost, journeyman DsGl
Lair:3 2 runed translucent doors, Ycul's ghost, journeyman HOFi
Lair:4 Rupert
Lair:5 exclusion: 4 oklob plants


Innate Abilities, Weirdness & Mutations

You are too large for most types of armour.
You have a pair of small horns on your head.
You have tough skin. (AC +1)
You gain doubled healing and magic from potions.
Whenever you drink a healing potion, you attack all around you.


Message History

You miss the kobold blastminer.
Your headbutt misses the kobold blastminer.
The kobold blastminer is heavily wounded.
The kobold blastminer barely misses you.
The kobold blastminer shoots a bolt.
The bolt hits you but does no damage. You partially resist.
You sock the kobold blastminer!
The kobold blastminer is almost dead.
The kobold blastminer blasts its cannon at you.
The iron shot hits you!!
The kobold blastminer is knocked back by the blast.
The kobold blastminer shoots a bolt.
You block the bolt.
The kobold blastminer blasts its cannon at you.
The iron shot misses you.
The kobold blastminer is knocked back by the blast.
The kobold blastminer blasts its cannon at you.
You block the iron shot.
The kobold blastminer is knocked back by the blast.
Aiming: Lesser Beckoning (safe; 4% risk of failure)
Press: ? - help, Shift-Dir - straight line, f/p - kobold blastminer
Aim: a kobold blastminer (almost dead, 100% to hit)
The kobold blastminer hurls suddenly forward!
You closely miss the kobold blastminer.
Your headbutt misses the kobold blastminer.
The kobold blastminer is almost dead.
The kobold blastminer shoots a bolt.
The bolt hits you. You partially resist.
You feel drained.
You block the kobold blastminer's attack.
You closely miss the kobold blastminer.
Your headbutt misses the kobold blastminer.
The kobold blastminer is almost dead.
The kobold blastminer shoots a bolt.
You block the bolt.
The kobold blastminer blasts its cannon at you.
The iron shot hits you!!
* * * LOW HITPOINT WARNING * * *
The kobold blastminer is knocked back by the blast.
The kobold blastminer blasts its cannon at you.
The iron shot hits you!!
You die...
Your body crumbles into a pile of gold.

#..........>.....#.......
#............)....#....#.
#.. #.............##.###
#...#.............### #.
##..#..............# ##
#..........###.#..## #
#....$....#.##...... #
...#......#........... #
...^#..$.@....#.......
##........K.##...$...
##........#.......
#......K.........
#...............
.............#..
......#......# .
#............


You could see 2 kobold blastminers.

Vanquished Creatures
  A minotaur (Gauntlet)
  2 hydras
  Fannar (Lair:1)
  An ice dragon (Lair:5)
  A hell beast (Gauntlet)
  2 two-headed ogres
  A catoblepas (Lair:5)
  A boulder beetle (Lair:2)
  A tengu warrior (Gauntlet)
  9 death yaks
  A skyshark (Lair:4)
  A swamp dragon (Lair:5)
  Pikel (D:5)
  An orb spider (Lair:2)
  2 lindwurms (Lair:5)
  2 wolf spiders (Lair:3)
  An ugly thing (D:11)
  An orc sorcerer (Orc:1)
  A kobold blastminer (Orc:1)
  23 elephants
  6 black mambas
  12 cane toads
  A torpor snail (Lair:5)
  A gargoyle (D:10)
  6 komodo dragons
  5 rime drakes
  An unseen horror (D:11)
  2 tengu conjurers (Gauntlet)
  3 polar bears
  A raiju (Gauntlet)
  22 blink frogs
  2 dream sheep (Lair:5)
  5 wyverns
  A wraith (D:10)
  50 yaks
  4 fire bats (Lair:4)
  A fire elemental (Lair:4)
  7 basilisks
  5 steam dragons
  A vampire mosquito (D:10)
  Menkaure (D:4)
  17 water moccasins
  5 acid dragons (Lair:5)
  A hell hound (Gauntlet)
  A sky beast (D:7)
  2 ice beasts
  3 orc warriors
  4 black bears
  5 ogres
  18 wolves
  11 centaurs
  3 lemures (D:5)
  A phantom (D:6)
  2 kobold brigands
  8 bullfrogs
  2 scorpions
  7 wights
  11 killer bees
  An electric eel (Lair:5)
  5 howler monkeys
  4 hounds
  3 jellies
  6 orc priests
  Jessica (D:3)
  9 iguanas
  17 orc wizards
  A hell rat (Lair:5)
  12 adders
  A shadow imp (D:5)
  3 white imps
  2 ufetubi (D:5)
  9 dart slugs
  2 ribbon worms
  38 orcs
  2 bats
  8 endoplasms
  9 giant cockroaches
  3 goblins
  9 hobgoblins
  2 jackals (D:1)
  10 kobolds
  3 quokkas
  10 ball pythons
  12 frilled lizards
  4 rats
478 creatures vanquished.

Vanquished Creatures (others)
  Maurice (D:6)
1 creature vanquished.

Grand Total: 479 creatures vanquished

Notes
Turn   | Place    | Note
-------+----------+-------------------------------------------
     0 | D:1      | ongoing the Oni Warper began the quest for the Orb.
     0 | D:1      | Reached XP level 1. HP: 22/22 MP: 3/3
   189 | D:1      | Found a faded altar of an unknown god.
   229 | D:1      | Reached XP level 2. HP: 31/31 MP: 5/5
   618 | D:1      | Reached skill level 3 in Maces & Flails
   649 | D:1      | Reached XP level 3. HP: 36/37 MP: 6/6
  1420 | D:2      | Found Pucesk's Jewellery Boutique.
  1658 | D:2      | Reached skill level 4 in Maces & Flails
  1658 | D:2      | Reached XP level 4. HP: 34/45 MP: 7/7
  1951 | D:3      | Reached skill level 1 in Armour
  2203 | D:3      | Found an opulent altar of Gozag.
  2226 | D:3      | Reached XP level 5. HP: 24/53 MP: 8/8
  2357 | D:3      | Noticed Jessica
  2380 | D:3      | Killed Jessica
  2481 | D:3      | Became a worshipper of Gozag Ym Sagoz the Greedy
  2730 | D:3      | Reached XP level 6. HP: 58/61 MP: 9/11
  3038 | D:4      | Noticed Menkaure
  3411 | D:4      | Killed Menkaure
  3412 | D:4      | Reached skill level 5 in Maces & Flails
  3412 | D:4      | Reached XP level 7. HP: 24/67 MP: 13/13
  3655 | D:4      | Found Deg Ebur's Antique Armour Shop.
  3756 | D:4      | Reached skill level 6 in Maces & Flails
  3759 | D:4      | Learned a level 2 spell: Blink
  3762 | D:4      | Learned a level 2 spell: Lesser Beckoning
  3766 | D:4      | Learned a level 3 spell: Teleport Other
  3771 | D:4      | Learned a level 4 spell: Vhi's Electric Charge
  3775 | D:4      | Learned a level 3 spell: Maxwell's Portable Piledriver
  3863 | D:4      | Found a runed translucent gate.
  3864 | D:4      | Found a runed translucent gate.
  3865 | D:4      | Found a runed translucent gate.
  3865 | D:4      | Noticed pedritolo's ghost (weakling CoDe)
  3865 | D:4      | Noticed ouz's ghost (amateur FoFi)
  4149 | D:4      | Got Reifoan's Guide on the Icy Sky
  4327 | D:5      | Entered Level 5 of the Dungeon
  4526 | D:5      | Found a glowing drain.
  4611 | Sewer    | Entered a sewer
  5572 | D:5      | Noticed grizmgrazm2's ghost (amateur DsSh)
  5573 | D:5      | Found a transporter.
  5577 | D:5      | Identified the +6 great mace of Doubt {drain, rElec rCorr}
  5634 | D:5      | Found Rafocuat's Magic Scroll Shop.
  5638 | D:5      | Bought a scroll of teleportation for 39 gold pieces
  5638 | D:5      | Bought a scroll of butterflies for 52 gold pieces
  5638 | D:5      | Bought a scroll of fear for 52 gold pieces
  5638 | D:5      | Bought a scroll of noise for 13 gold pieces
  5638 | D:5      | Bought a scroll of immolation for 52 gold pieces
  5668 | D:5      | Reached skill level 7 in Maces & Flails
  5668 | D:5      | Reached XP level 8. HP: 75/75 MP: 14/14
  5854 | D:5      | Noticed Pikel
  6028 | D:5      | Reached skill level 8 in Maces & Flails
  6205 | D:5      | Killed Pikel
  6206 | D:5      | Reached skill level 5 in Fighting
  6534 | D:6      | Reached skill level 5 in Armour
  6574 | D:6      | Reached XP level 9. HP: 83/88 MP: 15/15
  7102 | D:6      | Found a staircase to the Ecumenical Temple.
  7155 | D:6      | You fall into a shaft and drop 3 floors!
  7155 | D:9      | Found a sparkling altar of Nemelex Xobeh.
  7184 | D:9      | Found a staircase to the Orcish Mines.
  7286 | D:9      | Reached skill level 9 in Maces & Flails
  7477 | D:9      | Reached skill level 5 in Translocations
  7667 | D:9      | Found a snail-covered altar of Cheibriados.
  7940 | D:8      | Reached XP level 10. HP: 78/96 MP: 12/16
  8018 | D:8      | Reached skill level 10 in Maces & Flails
  8291 | D:7      | Found a white marble altar of Elyvilon.
  8291 | D:7      | Found a shadowy altar of Dithmenos.
  8292 | D:7      | Found a bloodstained altar of Trog.
  8782 | D:7      | Found a broken altar of Ashenzari.
  8805 | D:7      | Reached skill level 1 in Air Magic
 10035 | D:7      | Found a hide-covered altar of Uskayaw.
 10222 | D:8      | Noticed Maurice
 10487 | D:8      | Something stole a ring of fire
 10669 | D:7      | Something stole 4 boomerangs
 10674 | D:6      | Something stole a +1 flail of holy wrath
 10676 | D:6      | Something stole 119 gold
 10680 | D:6      | Something stole 223 gold
 10682 | D:6      | Something stole 290 gold
 10698 | D:7      | HP: 4/98 [poisoned by Maurice]
 11025 | D:6      | Killed Maurice
 11342 | D:8      | Found a shimmering altar of Xom.
 11343 | D:8      | Found a shimmering altar of Xom.
 11343 | D:8      | Found a shimmering altar of Xom.
 11344 | D:8      | Found a shimmering altar of Xom.
 11344 | D:8      | Found a shimmering altar of Xom.
 11355 | D:8      | Reached skill level 5 in Air Magic
 12460 | D:9      | Found a staircase to the Lair.
 12686 | D:9      | Reached XP level 11. HP: 103/105 MP: 17/17
 12898 | D:10     | Entered Level 10 of the Dungeon
 12898 | D:10     | Found Cekaud's Antique Weapon Shop.
 12904 | D:10     | Bought an encrusted morningstar for 216 gold pieces
 12904 | D:10     | Identified the +7 morningstar "Owno" {pain, +Blink rN+}
                  | (You bought it in a shop on level 10 of the Dungeon)
 12961 | D:10     | Found an ancient bone altar of Kikubaaqudgha.
 12970 | D:10     | Found a radiant altar of Vehumet.
 12980 | D:10     | Got Vehumet's Anthology of Battle Magic
 12995 | D:10     | Found a shimmering blue altar of Sif Muna.
 13368 | D:10     | Found Onunt's General Store.
 13374 | D:10     | Bought a potion of curing for 45 gold pieces
 13419 | D:10     | Found a blossoming altar of Fedhas.
 13432 | D:10     | Found a transporter.
 13476 | D:10     | Found Halol's Jewellery Emporium.
 13482 | D:10     | Found Gilihaosm's Antique Armour Shoppe.
 13493 | D:10     | Bought the ring "Winu" {rCorr EV+5} for 583 gold pieces
 13848 | D:10     | Found a sacrificial altar of Ru.
 14023 | D:10     | Found a transporter.
 14025 | D:10     | Found Ciwaes's Antique Armour Emporium.
 14050 | D:10     | Noticed a two-headed ogre
 14074 | D:10     | Killed a two-headed ogre
 14075 | D:10     | Reached skill level 10 in Fighting
 14362 | D:10     | Bought an embroidered hat for 182 gold pieces
 14732 | D:10     | Bought a kite shield for 99 gold pieces
 14856 | D:11     | Found Zomifem's Antique Weapon Shop.
 15053 | D:11     | Noticed a two-headed ogre
 15059 | D:11     | Killed a two-headed ogre
 15126 | D:11     | Noticed a red ugly thing
 15136 | D:11     | Killed a red ugly thing
 15284 | Lair:1   | Entered Level 1 of the Lair of Beasts
 15349 | Lair:1   | Reached XP level 12. HP: 85/126 MP: 13/18
 15789 | Lair:1   | Noticed a death yak
 15790 | Lair:1   | Noticed a death yak
 15790 | Lair:1   | Noticed a death yak
 15790 | Lair:1   | Noticed a death yak
 15831 | Lair:1   | Killed a death yak
 15832 | Lair:1   | Reached skill level 5 in Spellcasting
 15848 | Lair:1   | Killed a death yak
 15893 | Lair:1   | Noticed a death yak
 15914 | Lair:1   | Noticed a death yak
 15917 | Lair:1   | Killed a death yak
 15933 | Lair:1   | Killed a death yak
 15942 | Lair:1   | Killed a death yak
 15947 | Lair:1   | Killed a death yak
 16121 | Lair:1   | Noticed Fannar
 16135 | Lair:1   | Killed Fannar
 16223 | Lair:1   | Noticed a minotaur
 16226 | Lair:1   | Noticed paps's ghost (journeyman DsGl)
 16244 | Lair:1   | Reached skill level 10 in Translocations
 16260 | Lair:1   | Reached XP level 13. HP: 89/133 MP: 17/22
 16479 | Lair:1   | Found a runed translucent gate.
 16479 | Lair:1   | Found a runed translucent gate.
 16479 | Lair:1   | Found a runed translucent gate.
 16955 | Lair:2   | Reached skill level 11 in Maces & Flails
 17271 | Lair:2   | Found a hole to the Spider Nest.
 17583 | Lair:2   | Found a staircase to the Shoals.
 18667 | Lair:3   | Reached skill level 12 in Maces & Flails
 18806 | Lair:3   | Found a gate leading to a gauntlet.
 18836 | Gauntlet | Entered a Gauntlet
 18836 | Gauntlet | Found a transporter.
 18953 | Gauntlet | Found a transporter.
 18955 | Gauntlet | Found a transporter.
 18964 | Gauntlet | Found a runed translucent door.
 18966 | Gauntlet | Found a transporter.
 18968 | Gauntlet | Found a transporter.
 18978 | Gauntlet | Found a transporter.
 18994 | Gauntlet | Found a transporter.
 19001 | Gauntlet | Noticed a green death
 19005 | Gauntlet | Found a transporter.
 19007 | Gauntlet | Found the +0 pair of fencer's gloves {Riposte Dex+3}
 19016 | Gauntlet | Found a transporter.
 19019 | Gauntlet | Noticed a blizzard demon
 19030 | Gauntlet | Found a transporter.
 19043 | Gauntlet | Found a transporter.
 19043 | Gauntlet | Found a transporter.
 19088 | Gauntlet | Found a transporter.
 19102 | Gauntlet | Found a transporter.
 19286 | Gauntlet | Reached skill level 13 in Maces & Flails
 19668 | Gauntlet | Identified the +1 pair of boots "Onatubla" {Fly}
 19713 | Gauntlet | Noticed a minotaur
 19723 | Gauntlet | Killed a minotaur
 20012 | Lair:3   | Reached skill level 14 in Maces & Flails
 20042 | Lair:3   | Reached XP level 14. HP: 92/143 MP: 9/23
 20204 | Lair:3   | Reached skill level 1 in Shields
 20815 | Lair:3   | Found a large runed translucent door.
 20816 | Lair:3   | Found a large runed translucent door.
 20818 | Lair:3   | Noticed Ycul's ghost (journeyman HOFi)
 21006 | Lair:4   | Noticed Rupert
 21513 | Lair:4   | Reached skill level 5 in Shields
 21559 | Lair:4   | Identified the +1 robe "Qiodwoc" {Int+3}
 22419 | D:4      | Bought smoking storm dragon scales for 2635 gold pieces
 22419 | D:4      | Identified the +1 storm dragon scales of Liberty {rElec rF+
                  | rC- rN+ Regen+} (You bought it in a shop on level 4 of the
                  | Dungeon)
 22802 | Lair:5   | Entered Level 5 of the Lair of Beasts
 23554 | Lair:5   | Reached skill level 10 in Armour
 24528 | Lair:5   | Found a staircase to the Slime Pits.
 24920 | Orc:1    | Entered Level 1 of the Orcish Mines
 24942 | Orc:1    | Found Metud's Gadget Gallery.
 25104 | Orc:1    | Killed from afar by a kobold blastminer

Illustrated notes

Levels and vault maps discovered:
D:1:      heliophobic_arrival_glass_houses, layout_loops_ring,
          ebering_ecumenical_altar_mist, dreamdust_princess_bridge
D:2:      layout_basic, serial_shops, shop
D:3:      layout_loops_ring, mainiacjoe_overflow_24_doors, uniq_jessica
D:4:      layout_loops_cross, serial_shops, shop, gammafunk_ghost_cemetery,
          minmay_hedge_maze, corner_web_ring, uniq_menkaure
D:5:      layout_loops_ring, serial_shops, shop,
          mainiacjoe_sewer_entry_somewhere_in_here_2, gammafunk_ghost_smash,
          uniq_pikel
D:6:      layout_loops_cross, minmay_temple_entry_drinking_statues
D:7:      layout_loops_ring, mainiacjoe_overflow_cross_hatched,
          mainiacjoe_overflow_alcove_2, gammafunk_temple_overflow_forgotten
D:8:      layout_gridville, xom_shifter_show, uniq_maurice
D:9:      layout_roguey, nemelex_altar_shiori, cheibrodos_worm_habitat,
          due_lair_maze_entry_diamond, orc_0_dummy
D:10:     layout_small_grid, palyth_temple_overflow_mages,
          nicolae_ru_the_path_less_chosen, fedhas_bush_and_centaur_altar,
          serial_shops, nicolae_take_the_stairs, shop, nicolae_shop_peninsula,
          nicolae_shop_drivethru, shop
D:11:     layout_basic, serial_shops, shop, minivault_25_ag
Lair:1:   layout_misc_corridors, maelrawn_ghost_gauntlet_escape,
          grunt_megastairs_3, uniq_fannar
Lair:2:   layout_big_grid, minmay_shoals_entry_centaurs,
          nicolae_spider_entry_orb_guardian, grunt_megastairs_4
Lair:3:   layout_hall_layers, gauntlet_entry_generic,
          ebering_ghost_disaster_area, nicolae_lair_run_with_the_wolves
Lair:4:   layout_gridlike, lemuel_fruit_fields, uniq_rupert
Lair:5:   guppyfry_lair_end_dragon, layout_long_grid, hangedman_lair_in_review,
          minmay_slime_entry_oklob_enclosed, fungi_pond_lemuel
Orc:1:    layout_caves, nicolae_shop_gadgets, uniq_erolcha

Skill      XL: |  1  2  3  4  5  6  7  8  9 10 11 12 13 14 |
---------------+-------------------------------------------+-----
Fighting       | 3 5 6 10 | 10.0
Maces & Flails | 3 4 5 7 8 9 10 14 | 14.1
Armour         | 2 3 5 6 8 9 10 | 10.0
Spellcasting   | 3 4 6 |  6.0
Translocations | 4 6 7 8 10 | 10.3
Air Magic      | 6 7 8 9 |  9.4
Shields        | 8 |  8.0
Throwing       | |  1.0
Dodging        | |  2.1

Action                     |  1- 3 |  4- 6 |  7- 9 | 10-12 | 13-15 || total
---------------------------+-------+-------+-------+-------+-------++-------
  Melee: Mace              |    25 |       |       |       |       ||    25
         Headbutt          |    16 |    37 |    75 |   120 |   161 ||   409
         Short sword       |    70 |   186 |   236 |       |       ||   492
         Dagger            |       |    15 |       |       |       ||    15
         Flail             |       |       |   129 |   216 |       ||   345
         Hand axe          |       |       |    11 |     6 |       ||    17
         Whip              |       |       |    36 |   123 |       ||   159
         Morningstar       |       |       |       |   355 |   774 ||  1129
  Throw: Dart              |       |       |     3 |     7 |    11 ||    21
         Throwing net      |       |       |       |     1 |       ||     1
   Cast: Blink             |       |       |       |     1 |       ||     1
         Vhi's Electric Ch |       |       |       |       |    14 ||    14
         Maxwell's Portabl |       |       |       |       |    11 ||    11
         Lesser Beckoning  |       |       |       |       |    39 ||    39
  Evoke: Wand              |       |       |       |       |     3 ||     3
    Use: Potion            |       |     1 |       |     3 |     3 ||     7
         Scroll            |       |     1 |       |     5 |     8 ||    14
   Stab: Sleeping          |     1 |     2 |     4 |     3 |       ||    10
         Distracted        |       |       |     1 |     3 |       ||     4
 Armour: Robe              |    35 |       |    11 |       |       ||    46
         Shadow dragon sca |    28 |   108 |   402 |   706 |   518 ||  1762
         Storm dragon scal |       |       |       |       |   236 ||   236
  Dodge: Dodged            |    33 |    34 |   136 |   259 |   390 ||   852
  Block: Kite shield       |       |       |       |       |   213 ||   213

Table legend: (Time is in decaauts)
 A = Elapsed time spent in this place.
 B = Non-inter-level travel time spent in this place.
 C = Inter-level travel time spent in this place.
 D = Time resting spent in this place.
 E = Time spent auto-exploring this place.
 F = Levels seen in this place.
 G = Mean time per level.
                   A        B        C        D        E       F      G
               +--------+--------+--------+--------+--------+-----+--------+
         Total |  24961 |  23749 |   1212 |   5491 |   9894 |  19 | 1313.7 |
       Dungeon |  14781 |  13910 |    871 |   3078 |   6254 |  11 | 1343.7 |
          Lair |   8025 |   7685 |    340 |   1784 |   3019 |   5 | 1605.0 |
  Orcish Mines |    180 |    180 |      0 |      0 |     55 |   1 |  180.0 |
         Sewer |    903 |    903 |      0 |     62 |    359 |   1 |  903.0 |
      Gauntlet |   1070 |   1070 |      0 |    567 |    207 |   1 | 1070.0 |
               +--------+--------+--------+--------+--------+-----+--------+

Top non-repeatable levels by time:
  Lair:5: 1958 daAuts
     D:7: 1878 daAuts
  Lair:2: 1777 daAuts
  Lair:1: 1717 daAuts
     D:9: 1687 daAuts
     D:8: 1633 daAuts
    D:10: 1562 daAuts
     D:5: 1392 daAuts
     D:6: 1340 daAuts
  Lair:3: 1338 daAuts
     D:4: 1329 daAuts
  Lair:4: 1232 daAuts
     D:3: 1206 daAuts
Gauntlet: 1070 daAuts
     D:2: 995 daAuts
